 Dungeon Crawl Stone Soup version 0.30-a0-857-gcaf70739d4 (webtiles) character file.

Game seed: 6425661525147677406

140 KleinerIrrer the Shooter (level 5, -11/42 HPs)
             Began as a Formicid Hunter on Mar 5, 2023.
             Killed by divine providence
             ... invoked by an orc priest
              (12 damage)
             ... on level 3 of the Dungeon.
             The game lasted 00:03:44 (1975 turns).

KleinerIrrer the Shooter (Formicid Hunter)          Turns: 1975, Time: 00:03:44

Health: -11/42     AC:  6    Str: 16    XL:     5   Next: 46%
Magic:  5/5        EV: 12    Int:  8    God:
Gold:   62         SH:  0    Dex: 19    Spells: 4/4 levels left

rFire   . . .      SeeInvis +    a - +0 shortbow
rCold   . . .      Faith    .    (no shield)
rNeg    . . .      Spirit   .    c - +0 leather armour
rPois   .          Reflect  .    (helmet unavailable)
rElec   .          Rampage  .    k - +0 cloak
rCorr   .                        (no gloves)
Will    .....                    (no boots)
Stlth   ++                       (no amulet)
HPRegen 0.27/turn                (no ring)
MPRegen 0.09/turn                (no ring)

@: flying
A: permanent stasis, dig shafts and tunnels, antennae 3, four strong arms,
iridescent scales 1, sense surroundings 1
a: Dig, Shaft Self


You were on level 3 of the Dungeon.
You visited 1 branch of the dungeon, and saw 3 of its levels.

You collected 62 gold pieces.

Inventory:

Hand Weapons
 a - a +0 shortbow (weapon)
Armour
 c - a +0 leather armour (worn)
 k - a +0 cloak (worn)
Scrolls
 b - a scroll of immolation
 d - a scroll of silence {unknown}
 g - a scroll of fear
 i - 2 scrolls of teleportation {unknown}
 j - a scroll of amnesia {unknown}
 m - a scroll of noise {unknown}
 o - a scroll of vulnerability {unknown}
Potions
 e - a potion of haste
 f - 3 potions of curing
 h - 5 potions of attraction
 l - a potion of mutation


   Skills:
 + Level 3.6 Fighting
 * Level 5.7 Ranged Weapons
 - Level 1.7 Dodging
 - Level 1.2 Stealth


You had 4 spell levels left.
You didn't know any spells.
Your spell library contained the following spells:

 Spells                   Type           Power      Damage    Failure   Level
 Summon Small Mammal      Summ           0%         N/A       47%         1
 Call Canine Familiar     Summ           0%         N/A       85%         3
 Summon Guardian Golem    Hex/Summ       0%         N/A       85%         3


Dungeon Overview and Level Annotations

Branches:
Dungeon (3/15)

Altars:

Shops:
D:2 !


Innate Abilities, Weirdness & Mutations

You cannot be hasted, slowed, berserked, paralysed or teleported.
You can dig through walls and to a lower floor.
You have a pair of large antennae on your head. (SInv)
Your four strong arms can wield two-handed weapons with a shield.
You are partially covered in iridescent scales. (AC +2)
You passively map a small area around you.


Message History

The orc priest looks satisfied for a moment.
You shoot an arrow. The arrow hits the orc.
The orc is heavily wounded.
An orc priest comes into view. It is wielding a +0 short sword.
An orc comes into view. It is wielding a +0 rapier of draining.
The orc closely misses you.
You shoot an arrow. The arrow closely misses the orc.
The arrow hits the orc priest.
The orc priest is lightly wounded.
The orc hits you but does no damage.
The orc priest calls down the wrath of Beogh upon you.
Beogh smites you! The orc closely misses you.
The orc priest calls down the wrath of Beogh upon you.
Beogh smites you!
The orc priest invokes the aid of Beogh against you.
Beogh smites you!
* * * LOW HITPOINT WARNING * * *
You feel better. The orc hits you with a +0 flail.
It was a potion of flight.
You feel very buoyant.
You fly up into the air.
The orc barely misses you.
The orc priest calls upon Beogh to heal the orc.
The orc's wounds heal themselves!
The orc misses you.
Non-targeted abil: Dig
Press: ? - help, Q - select action, (/) - cycle Dir - look around, f - activate Look: an orc priest, wielding a +0 falchion (lightly wounded)
Okay, then.
Fire: a) +0 shortbow
Press: ? - help, Shift-Dir - straight line, f - orc priest, p - orc
Aim: an orc priest, wielding a +0 falchion (lightly wounded, 64% to hit)
You shoot an arrow.
The arrow hits the orc but does no damage.
The orc priest mumbles some strange prayers to Beogh against you.
Beogh smites you!
* * * LOW HITPOINT WARNING * * *
The orc hits you but does no damage. The orc closely misses you.
The orc attacks as you move away! The orc closely misses you.
The orc priest invokes the aid of Beogh against you.
Beogh smites you!
You die...

###### #....# ** ...#.##
8.♣#..# ,
...##.##################.
* *
8.♣##...........@........
...########.#####.#######
♣.♣# #.# #oo...... ...#
#.# #o####### 8.8# #.#
#o.....# ...# #.#
#.####.# * , ♣.♣# ####.#
##o# #.# ...# #....# #..#
#.# * 8.♣# #.####
#..####.####


You could see 2 orc priests and 3 orcs.

Vanquished Creatures
  An iguana (D:3)
  5 adders (D:2)
  A worm (D:2)
  2 dart slugs
  8 endoplasms
  4 giant cockroaches
  6 goblins
  5 hobgoblins
  2 quokkas (D:1)
  6 ball pythons
  6 bats
  2 frilled lizards
  8 kobolds
  7 rats
63 creatures vanquished.

Notes
Turn   | Place    | Note
-------+----------+-------------------------------------------
     0 | D:1      | KleinerIrrer the Formicid Hunter began the quest for the
                  | Orb.
     0 | D:1      | Reached XP level 1. HP: 16/16 MP: 1/1
   178 | D:1      | Reached XP level 2. HP: 23/23 MP: 2/2
   336 | D:1      | Reached XP level 3. HP: 28/28 MP: 3/3
   922 | D:2      | Found Lito Vesk's Distillery.
  1031 | D:2      | Reached XP level 4. HP: 35/35 MP: 4/4
  1065 | D:2      | Reached skill level 5 in Ranged Weapons
  1427 | D:2      | Reached XP level 5. HP: 35/41 MP: 5/5
  1725 | D:3      | Gained mutation: You are partially covered in iridescent
                  | scales. (AC +2) [potion of mutation]
  1725 | D:3      | Gained mutation: You passively map a small area around you.
                  | [potion of mutation]
  1974 | D:3      | HP: 1/42 [orc priest/divine providence (13)]
  1975 | D:3      | Killed from afar by an orc priest

Illustrated notes

Levels and vault maps discovered:
D:1:      giann_bridges, layout_loops_corners, minmay_pentomino_x2
D:2:      layout_loops_ring, serial_shops,
          nicolae_shop_temple_entry_statues_fountains, minmay_door_square,
          chequers_serial_rivers_large_a
D:3:      minmay_diamond_boxcup, layout_loops_ring,
          chequers_temple_overflow_minitemple, chequers_avenue,
          nicolae_underground_beach

Skill      XL: |  1  2  3  4 |
---------------+-------------+-----
Fighting       | 3 |  3.6
Ranged Weapons | 5 |  5.7
Dodging        | |  1.7
Stealth        | |  1.2

Action                     |  1- 3 |  4- 6 || total
---------------------------+-------+-------++-------
   Fire: Shortbow          |    82 |    86 ||   168
    Use: Scroll            |       |     4 ||     4
         Potion            |       |     4 ||     4
 Armour: Leather armour    |     2 |    12 ||    14
  Dodge: Dodged            |     7 |    29 ||    36

Table legend: (Time is in decaauts)
 A = Elapsed time spent in this place.
 B = Non-inter-level travel time spent in this place.
 C = Inter-level travel time spent in this place.
 D = Time resting spent in this place.
 E = Time spent auto-exploring this place.
 F = Levels seen in this place.
 G = Mean time per level.
                   A        B        C        D        E       F      G
               +--------+--------+--------+--------+--------+-----+--------+
         Total |   2029 |   1962 |     67 |     53 |   1522 |   3 |  676.3 |
       Dungeon |   2029 |   1962 |     67 |     53 |   1522 |   3 |  676.3 |
               +--------+--------+--------+--------+--------+-----+--------+

Top non-repeatable levels by time:
     D:1: 889 daAuts
     D:2: 809 daAuts
     D:3: 330 daAuts
